AoeStats
← DarkSaintOfWar

Lombardia

508991957Analyzed
4v4 RM · 8d ago on Sep 25, 2026· 51m 10s· 8 players
Game mode
Random Map
Map size
Large (8 player)
Population
200
Speed
Normal
Resources
Standard
Victory
Conquest
Starting age
Dark Age
Ending age
Imperial Age
RankedLock teamsTeams togetherTeam positionsShared explorationLock speedFull tech treeHidden civsTurbo modeCheats
Victory
Defeat
🇺🇸 Bulgarians · United States
619
+17
🇺🇸 Goths · United States
580
+18
565
+19
🇨🇴 Slavs · Colombia
480
+22
🇧🇷 Britons · Brazil
746
-24
🇨🇱 Romans · Chile
660
-20
🇧🇷 Maya · Brazil
644
-20
🇺🇸 Bulgarians · United States
457
-12
Hitman4Hire24
0:31 Loom
12:46 Feudal Age
14:03 Wheelbarrow
13:15 Town Watch
13:43 Double-Bit Axe
13:47 Man-at-Arms
14:32 Horse Collar
19:27 Gold Mining
23:55 Stone Mining
26:18 Bloodlines
31:18 Forging
31:09 Scale Mail Armor
31:10 Padded Archer Armor
31:00 Fletching
31:19 Scale Barding Armor
36:38 Castle Age
37:35 Heavy Plow
37:48 Bow Saw
38:21 Iron Casting
38:02 Chain Mail Armor
38:03 Leather Archer Armor
38:36 Bodkin Arrow
38:17 Elite Skirmisher
39:41 Town Patrol
40:46 Anarchy
41:25 Caravan
42:12 Squires
41:56 Crossbowman
44:02 Chain Barding Armor
46:16 Coinage
48:38 Fervor
51:47 Hand Cart
DarkSaintOfWar
4:41 Loom
18:13 Feudal Age
18:45 Feudal Age
21:23 Wheelbarrow
20:33 Horse Collar
20:45 Double-Bit Axe
20:55 Stone Mining
21:07 Gold Mining
22:56 Forging
22:46 Scale Mail Armor
29:50 Castle Age
30:46 Hand Cart
31:11 Stone Shaft Mining
31:18 Gold Shaft Mining
30:58 Bow Saw
32:43 Heavy Plow
32:57 Scale Barding Armor
33:28 Iron Casting
33:09 Chain Mail Armor
32:45 Fletching
33:00 Squires
32:45 Arson
33:09 Husbandry
33:20 Bloodlines
37:40 Caravan
40:54 Imperial Age
38:40 Stirrups
41:00 Chain Barding Armor
40:36 Bodkin Arrow
42:41 Crop Rotation
43:35 Conscription
42:41 Elite Konnik
44:29 Blast Furnace
44:35 Plate Mail Armor
46:25 Plate Barding Armor
47:51 Bracer
斜对床有个小结巴
0:59 Loom
13:45 Feudal Age
14:15 Double-Bit Axe
14:28 Gold Mining
14:36 Horse Collar
15:46 Stone Mining
17:05 Wheelbarrow
22:59 Castle Age
25:22 Stone Shaft Mining
25:52 Bow Saw
26:32 Pikeman
30:31 Hand Cart
34:58 Imperial Age
33:17 Tusk Swords
33:15 Fletching
33:26 Padded Archer Armor
33:27 Scale Mail Armor
33:33 Scale Barding Armor
34:50 Bodkin Arrow
35:08 Forging
36:25 Hoardings
36:39 Gold Shaft Mining
37:22 Double Crossbow
37:48 Leather Archer Armor
39:02 Elite Skirmisher
40:01 Husbandry
40:12 Bloodlines
40:37 Ring Archer Armor
40:35 Chain Mail Armor
40:26 Light Cavalry
42:02 Cavalier
42:13 Hussar
45:20 Chain Barding Armor
45:57 Iron Casting
48:38 Heavy Plow
49:06 Arson
48:51 Halberdier
49:57 Sappers
50:48 Conscription
Avalon
0:38 Loom
13:50 Feudal Age
15:21 Wheelbarrow
14:36 Double-Bit Axe
14:37 Horse Collar
20:19 Gold Mining
20:13 Man-at-Arms
29:30 Castle Age
30:24 Padded Archer Armor
30:15 Fletching
30:35 Forging
30:26 Scale Mail Armor
30:31 Scale Barding Armor
31:21 Hand Cart
31:09 Heavy Plow
31:23 Bow Saw
33:02 Gold Shaft Mining
33:44 Caravan
33:18 Elite Skirmisher
40:52 Imperial Age
38:49 Squires
38:51 Stone Mining
39:15 Long Swordsman
39:16 Pikeman
40:19 Chain Barding Armor
40:15 Leather Archer Armor
39:56 Bodkin Arrow
40:35 Fortified Wall
40:46 Ballistics
43:07 Chemistry
43:19 Two-Man Saw
43:59 Guard Tower
45:09 Ring Archer Armor
44:54 Chain Mail Armor
45:15 Plate Barding Armor
45:16 Iron Casting
45:21 Elite Boyar
47:12 Crop Rotation
46:52 Husbandry
46:43 Cavalier
47:48 Conscription
47:41 Two-Handed Swordsman
48:59 Plate Mail Armor
51:11 Blast Furnace
50:31 Sappers
51:03 Detinets
50:46 Crossbowman
Tayssa09
10:51 Feudal Age
17:08 Castle Age
22:57 Horse Collar
23:33 Double-Bit Axe
25:05 Caravan
25:57 Wheelbarrow
27:28 Heavy Plow
29:00 Bow Saw
29:31 Hand Cart
31:16 Gold Mining
31:17 Stone Mining
32:46 Yeomen
35:05 Imperial Age
34:15 Padded Archer Armor
34:06 Fletching
35:34 Gold Shaft Mining
35:25 Elite Longbowman
37:01 Leather Archer Armor
38:25 Chemistry
37:58 Ballistics
38:40 Chemistry
38:45 Bodkin Arrow
39:21 Ring Archer Armor
43:55 Guard Tower
bookingtenoone
16:51 Feudal Age
19:20 Double-Bit Axe
19:33 Horse Collar
22:50 Stone Mining
22:50 Gold Mining
27:06 Castle Age
25:55 Fletching
26:06 Padded Archer Armor
26:17 Forging
26:07 Scale Mail Armor
26:13 Scale Barding Armor
29:37 Heavy Plow
29:49 Bow Saw
31:15 Bodkin Arrow
31:58 Stone Shaft Mining
31:59 Gold Shaft Mining
34:33 Ballistics
34:25 Masonry
34:10 Murder Holes
35:46 Guard Tower
36:15 Leather Archer Armor
37:40 Caravan
39:15 Wheelbarrow
38:26 Town Watch
40:17 Hand Cart
45:08 Imperial Age
42:39 Town Patrol
45:18 Loom
46:12 Iron Casting
45:53 Chain Mail Armor
45:59 Chain Barding Armor
46:35 Crop Rotation
46:38 Architecture
46:13 Siege Engineers
46:44 Keep
47:10 Chemistry
46:01 Heated Shot
46:14 Bracer
52:09 Blast Furnace
51:39 Plate Mail Armor
51:45 Plate Barding Armor
lothal
0:32 Loom
16:11 Feudal Age
16:52 Horse Collar
17:46 Double-Bit Axe
22:14 Town Watch
29:04 Castle Age
29:25 Scale Mail Armor
29:36 Forging
34:10 Heavy Plow
34:23 Bow Saw
34:27 Caravan
36:05 Gold Mining
38:01 Gold Shaft Mining
37:03 Man-at-Arms
37:03 Pikeman
37:44 Squires
39:59 Fortified Wall
40:54 Stone Mining
41:17 Long Swordsman
46:27 Imperial Age
44:33 Wheelbarrow
44:36 Chain Mail Armor
44:57 Iron Casting
47:40 Conscription
47:27 Ballistas
46:45 Legionary
49:07 Capped Ram
50:23 Comitatenses
49:29 Heavy Scorpion
50:18 Siege Ram
evairdaniel
7:59 Loom
12:34 Feudal Age
13:01 Double-Bit Axe
13:01 Horse Collar
19:30 Wheelbarrow
20:33 Forging
20:24 Scale Mail Armor
20:15 Fletching
20:25 Padded Archer Armor
23:27 Gold Mining
25:55 Castle Age
26:42 Heavy Plow
27:00 Bow Saw
28:38 Eagle Warrior
29:56 Arson
30:12 Squires
29:33 Pikeman
30:14 Stone Mining
32:05 Fortified Wall
34:17 Stone Shaft Mining
34:35 Hand Cart
34:58 Caravan
36:46 Iron Casting
36:06 Bodkin Arrow
36:27 Leather Archer Armor
37:44 Treadmill Crane
38:15 Masonry
37:56 Heated Shot
38:26 Ballistics
41:23 Imperial Age
41:08 Chain Mail Armor
41:26 Thumb Ring
40:47 Crossbowman
42:40 Crop Rotation
43:15 Two-Man Saw
43:27 Blast Furnace
42:29 Bracer
43:10 Town Watch
42:54 Arbalester
46:53 Ring Archer Armor
46:54 Plate Mail Armor
47:08 Conscription
48:18 Elite Plumed Archer
49:00 Hul'che Javelineers
50:40 Hoardings
50:14 Elite Eagle Warrior
Connection lost

Rejoining the realm…

Still unreachable

The connection could not be restored.

Session expired

The server has moved on; the page needs a fresh start.